 Dungeon Crawl Stone Soup version 0.27-a0-1595-g0b823d0a13 (webtiles) character file.

Game seed: 3159860765048372173

3 DocSulfur the Grave Robber (level 1, 14/14 HPs)
             Began as a Ghoul Necromancer on July 20, 2021.
             Quit the game on level 1 of the Dungeon.
             The game lasted 00:01:09 (109 turns).

DocSulfur the Grave Robber (Ghoul Necromancer)       Turns: 109, Time: 00:01:10

Health: 14/14      AC:  2    Str: 11    XL:     1   Next: 50%
Magic:  2/2        EV: 12    Int: 10    God:
Gold:   32         SH:  0    Dex:  9    Spells: 2/3 levels left

rFire    . . .     SeeInvis .   (no weapon)
rCold    + . .     Faith    .   (no shield)
rNeg     + + +     Spirit   .   a - +0 robe
rPois    ∞         Reflect  .   (no helmet)
rElec    .         Harm     .   (no cloak)
rCorr    .         Rampage  .   (no gloves)
Will     .....                  (no boots)
Stlth    ++........             (no amulet)
HPRegen  0.04/turn              (no ring)
MPRegen  0.08/turn              (no ring)

@: no status effects
A: claws 1, cold resistance 1, negative energy resistance 3, inhibited
regeneration, torment resistance 2
a: no special abilities


You were on level 1 of the Dungeon.
You visited 1 branch of the dungeon, and saw 1 of its levels.

You collected 32 gold pieces.

Inventory:

Armour
 a - a +0 robe (worn)
Scrolls
 b - a scroll of identify {unknown}


   Skills:
 - Level 1.7 Dodging
 - Level 2.1 Stealth
 * Level 0.4 Unarmed Combat
 + Level 1.8 Spellcasting
 * Level 4.0 Necromancy


You had 2 spell levels left.
You knew the following spells:

 Your Spells              Type           Power      Damage    Failure   Level
a - Pain                  Necr           36%        1d5       6%          1

Your spell library contained the following spells:

 Spells                   Type           Power      Damage    Failure   Level
 Animate Skeleton         Necr           18%        N/A       6%          1
 Vampiric Draining        Necr           4%         2d6       19%         3
 Animate Dead             Necr           4%         N/A       52%         4
 Agony                    Necr           9%         N/A       86%         5


Dungeon Overview and Level Annotations

Branches:
Dungeon (1/15)

Altars:


Innate Abilities, Weirdness & Mutations

You thrive by killing the living.
You are immune to poison.
You have sharp fingernails.
Your flesh is cold resistant. (rC+)
You are immune to negative energy. (rN+++)
You do not regenerate when monsters are visible.
You are immune to unholy pain and torment.


Message History

Found 26 bolts.
The bat hits you but does no damage. The bat closely misses you.
The bat barely misses you.
You scratch the bat but do no damage. The bat barely misses you.
The bat hits you but does no damage. The bat closely misses you.
The bat hits you but does no damage.
You scratch the bat.
You kill the bat!
You feel better. The bat hits you but does no damage.
You scratch the bat.
You kill the bat!
You feel better.
No target in view!
No target in view!
No target in view!
A bat comes into view.
You see here a bat corpse.
The bat hits you but does no damage.
You see here a scroll labelled BAILYBR JOFOT.
You scratch the bat.
The bat is moderately wounded.
The bat hits you. The bat hits you but does no damage.
You scratch the bat.
You kill the bat!
You feel better.
No target in view!
There is a fountain of clear blue water here.
You now have 10 gold pieces.
You now have 15 gold pieces (gained 5).
There is a fountain of clear blue water here.
b - a scroll labelled BAILYBR JOFOT You see here a bat corpse.
You see here a bat corpse.
You now have 32 gold pieces (gained 17).
You see here 26 bolts.
There is a fountain of clear blue water here.
A quokka comes into view.
Found 11 stones.
Save game and exit?
Okay, then.
Are you sure you want to abandon this character and quit the game? (Confirm with "yes".)

.............#..
.#.#.....#....#..######
...........##.#......
...#...#..#..###..#### .
#.#.#.#.##....#.....#
.r###..........⌠(..#.##.###
.(....#...#.#....##..##...#
......##....###†.#...####.#
..........@...#.##.#.# #.#
......##.......#†..#.####.#
..... #.....###...#.#....#
###. ...............##.###
# ......#.###.#......#
...............(#.#..#
........#.##..#......#
#######...##.......###
♣##.#####.#


There were no monsters in sight!

Vanquished Creatures
  3 bats (D:1)
3 creatures vanquished.

Notes
Turn   | Place    | Note
-------+----------+-------------------------------------------
     0 | D:1      | DocSulfur the Ghoul Necromancer began the quest for the
                  | Orb.
     0 | D:1      | Reached XP level 1. HP: 14/14 MP: 2/2
   109 | D:1      | Quit the game

Illustrated notes

Levels and vault maps discovered:
D:1:      saegor_arrival_simple_b, layout_basic, shapermc_ecumenical_altar_venn,
          minmay_pentomino_z4

Action                   || total
-------------------------++-------
Melee: Unarmed           ||    14
Armor: Robe              ||    14
Dodge: Dodged            ||    19

Table legend: (Time is in decaauts)
 A = Elapsed time spent in this place.
 B = Non-inter-level travel time spent in this place.
 C = Inter-level travel time spent in this place.
 D = Time resting spent in this place.
 E = Time spent auto-exploring this place.
 F = Levels seen in this place.
 G = Mean time per level.
                   A        B        C        D        E       F      G
               +--------+--------+--------+--------+--------+-----+--------+
         Total |    109 |    109 |      0 |      0 |      0 |   1 |  109.0 |
       Dungeon |    109 |    109 |      0 |      0 |      0 |   1 |  109.0 |
               +--------+--------+--------+--------+--------+-----+--------+

Top non-repeatable levels by time:
     D:1: 109 daAuts
